[Event "Titled Tuesday Blitz September 13 Late 2022"]
[White "Dilanyan, Grigor"]
[Black "Hansen, Eric"]
[WhiteFideId "13303570"]
[BlackFideId "2606771"]
[WhiteElo "2264"]
[BlackElo "2568"]
[Result "0-1"]
[Round "02"]
[TimeControl "180+1"]
[Date "2022.09.13"]
[WhiteClock "0:00:18"]
[BlackClock "0:01:14"]

1. Nf3 d5 2. g3 c6 3. Bg2 Nf6 4. O-O Bf5 5. b3 e6 6. Bb2 h6 7. d3 Be7 8. Nbd2 O-O 9. Re1 Bh7 10. e4 a5 11. a4 Na6 12. exd5 cxd5 13. Nd4 Nb4 14. Nb5 Rc8 15. Rc1 Na2 16. Ra1 Nb4 17. Rc1 Nd7 18. Nf3 Bf6 19. Ba3 Nc5 20. Bxb4 axb4 21. Qd2 Qa5 22. Ne5 Bxe5 23. Rxe5 Bxd3 24. Rce1 Bxb5 25. axb5 Qxb5 26. f4 Qb6 27. Kh1 Rfd8 28. f5 exf5 29. Rxf5 Ne4 30. Qe2 Re8 31. Qf3 Rxc2 32. Rf1 Nf6 33. Rxd5 Ree2 34. Qd3 Nxd5 35. Qxd5 Rxg2 36. Qxf7+ Kh7 37. Qh5 Rxh2+ 38. Qxh2 Qc6+ 39. Kg1 Rxh2 40. Kxh2 Qc2+ 41. Kh3 Qxb3 42. Rf4 Qe6+ 43. Kh4 g5+ 44. Kh5 Qh3+ 45. Rh4 Qf5 46. g4 Qf7# 0-1


[Site "https://www.chess.com"]

[Event "Titled Tuesday Blitz September 13 Late 2022"]
[White "Djokic, Mihailo"]
[Black "Svane, Frederik"]
[WhiteFideId "976440"]
[BlackFideId "12923044"]
[WhiteElo "2315"]
[BlackElo "2459"]
[Result "1-0"]
[Round "02"]
[TimeControl "180+1"]
[Date "2022.09.13"]
[WhiteClock "0:00:23"]
[BlackClock "0:00:01"]

1. e4 c5 2. Nf3 d6 3. Nc3 Nc6 4. d4 cxd4 5. Nxd4 Nf6 6. Bg5 e6 7. Qd2 a6 8. O-O-O Be7 9. f4 Bd7 10. Kb1 O-O 11. Nb3 Qb8 12. Be2 b5 13. e5 Ne8 14. Bxe7 Nxe7 15. exd6 Nc8 16. Nc5 Ra7 17. N3e4 f5 18. Ng5 Ncxd6 19. Nxd7 Rxd7 20. Nxe6 Rf6 21. Nc5 Re7 22. Bf3 Nc7 23. Rhe1 Qe8 24. Rxe7 Qxe7 25. Re1 Qf7 26. Nxa6 h6 27. Nxc7 Qxc7 28. b3 Kh7 29. g3 Qc5 30. Re5 Qg1+ 31. Kb2 Qb6 32. Rd5 Re6 33. Qd4 Qc7 34. Rc5 Qa7 35. Rd5 Qc7 36. Re5 Rf6 37. a3 Qb8 38. h4 Qc7 39. h5 Nf7 40. Rxb5 Nd6 41. Rc5 Qa7 42. Rd5 Qe7 43. a4 Qc7 44. a5 Re6 45. g4 fxg4 46. Bxg4 Rf6 47. Be2 Kh8 48. Bd3 Nf7 49. Qe4 Nd6 50. Qh7# 1-0


[Site "https://www.chess.com"]

[Event "Titled Tuesday Blitz September 13 Late 2022"]
[White "Do Valle Cardoso, Lucas"]
[Black "Xiong, Jeffery"]
[WhiteFideId "2163144"]
[BlackFideId "2047640"]
[WhiteElo "2277"]
[BlackElo "2714"]
[Result "0-1"]
[Round "02"]
[TimeControl "180+1"]
[Date "2022.09.13"]
[WhiteClock "0:00:01"]
[BlackClock "0:00:15"]

1. e4 c6 2. d4 d5 3. Nc3 dxe4 4. Nxe4 Nf6 5. Nxf6+ exf6 6. c3 Bd6 7. Bd3 O-O 8. Qc2 Re8+ 9. Ne2 h5 10. Be3 Nd7 11. O-O-O b5 12. d5 c5 13. Bxb5 Rb8 14. c4 Re7 15. h3 Ne5 16. b3 Rxb5 17. cxb5 c4 18. Kb1 cxb3 19. Qxb3 Bf5+ 20. Ka1 Be4 21. f3 Bg6 22. Nd4 Qe8 23. Rhe1 a5 24. bxa6 Qa8 25. Qb5 Ra7 26. Rd2 Rxa6 27. Red1 Ra5 28. Qb3 Ra3 29. Qb6 Nc4 30. Qc6 Nxe3 31. Re1 Bf4 32. g3 Qa5 33. Qc1 Be5 34. f4 Bxd4+ 35. Rxd4 Nc2+ 36. Qxc2 Bxc2 0-1


[Site "https://www.chess.com"]

[Event "Titled Tuesday Blitz September 13 Late 2022"]
[White "Dong, Bao Nghia"]
[Black "Ibrahimli, Murad"]
[WhiteFideId "12400343"]
[BlackFideId "13410229"]
[WhiteElo "2344"]
[BlackElo "2109"]
[Result "0-1"]
[Round "02"]
[TimeControl "180+1"]
[Date "2022.09.13"]
[WhiteClock "0:02:16"]
[BlackClock "0:02:14"]

1. d4 Nf6 2. c4 g6 3. Nc3 d5 4. cxd5 Nxd5 5. g3 Bg7 6. Bg2 Nxc3 7. bxc3 c5 8. e3 O-O 9. Ne2 Nc6 10. O-O cxd4 11. cxd4 Be6 12. Nf4 Bc4 13. Re1 e5 14. d5 exf4 15. Rb1 Ne5 16. exf4 Nd3 17. Re3 Nxc1 18. Qxc1 b5 19. a4 a6 20. f5 Bh6 21. f4 Rc8 22. Qd1 Qb6 23. Kf2 Rfe8 24. Qd2 Bf8 0-1


[Site "https://www.chess.com"]

[Event "Titled Tuesday Blitz September 13 Late 2022"]
[White "Gokerkan, Cem Kaan"]
[Black "Bayo Milagro, Alvaro"]
[WhiteFideId "6336760"]
[BlackFideId "22275240"]
[WhiteElo "2364"]
[BlackElo "2270"]
[Result "0-1"]
[Round "02"]
[TimeControl "180+1"]
[Date "2022.09.13"]
[WhiteClock "0:00:24"]
[BlackClock "0:00:18"]

1. e4 c5 2. c3 Nf6 3. e5 Nd5 4. d4 cxd4 5. Nf3 e6 6. cxd4 b6 7. Bd3 Ba6 8. Bxa6 Nxa6 9. O-O Nac7 10. Nbd2 d6 11. Ne4 dxe5 12. dxe5 Be7 13. Bg5 O-O 14. Rc1 h6 15. Bxe7 Qxe7 16. Nd4 Qh4 17. Re1 Rfd8 18. Nd6 Ne8 19. N4b5 a6 20. Nxe8 axb5 21. Nd6 Rxa2 22. Qb3 Qa4 23. Qf3 Qf4 24. Qxf4 Nxf4 25. Rc7 Nd3 26. Nxf7 Rf8 27. Nxh6+ gxh6 28. Rf1 Rxb2 29. f3 Nxe5 30. Re1 Nd3 31. Rd1 Ra8 32. h4 Nf4 33. g4 Nd5 34. Rc6 Raa2 35. Rxe6 Rg2+ 36. Kh1 Rh2+ 37. Kg1 Rag2+ 38. Kf1 Nf4 39. Rd8+ Kf7 40. Rf8+ Kxe6 41. Rxf4 Ra2 42. Re4+ Kd5 43. Re1 Rh1# 0-1


[Site "https://www.chess.com"]

[Event "Titled Tuesday Blitz September 13 Late 2022"]
[White "Ibarra Jerez, Jose Carlos"]
[Black "Riff, Vincent"]
[WhiteFideId "2226332"]
[BlackFideId "617776"]
[WhiteElo "2627"]
[BlackElo "2369"]
[Result "1-0"]
[Round "02"]
[TimeControl "180+1"]
[Date "2022.09.13"]
[WhiteClock "0:00:11"]
[BlackClock "0:00:24"]

1. Nf3 Nf6 2. g3 d5 3. Bg2 c6 4. O-O Bf5 5. d3 e6 6. c4 Be7 7. Be3 O-O 8. Qb3 Qc8 9. Nc3 Nbd7 10. Rac1 Qb8 11. cxd5 exd5 12. Bf4 Qc8 13. Nd4 Bg6 14. Nxd5 Nxd5 15. Bxd5 Nc5 16. Qa3 cxd5 17. b4 b6 18. bxc5 Bxc5 19. Qa4 Qh3 20. Nc6 Rfe8 21. d4 Bf8 22. Ne5 f6 23. Nxg6 hxg6 24. Qb5 g5 25. Qxd5+ Kh7 26. Be3 Rad8 27. Qf3 Bd6 28. Rc6 Bb8 29. Rfc1 Re7 30. a4 Rde8 31. d5 Rd7 32. Rd1 Re5 33. Rd3 Qh6 34. Kg2 Qg6 35. g4 Re4 36. h3 Re5 37. a5 bxa5 38. Ra6 Qf7 39. Rxa5 g6 40. Rb5 Bd6 41. Bd4 Kh6 42. Bxe5 Bxe5 43. d6 Qe6 44. Rbd5 a5 45. Rxa5 Rxd6 46. Rxd6 Qxd6 47. Rd5 Qe6 48. Rd3 Kg7 49. Qb7+ Kh6 50. Rd7 Qg8 51. Qd5 Qxd5+ 52. Rxd5 Kg7 53. Kf3 Bf4 54. e3 Bh2 55. Rd7+ Kf8 56. Ke4 Bg1 57. f3 Bf2 58. Rb7 Kg8 59. Kd3 Kf8 60. e4 Bg3 61. Kc4 Ke8 62. Kd5 Kf8 63. Ke6 Be5 64. Rf7+ Kg8 65. Rxf6 Bxf6 66. Kxf6 Kh7 67. e5 Kh6 68. e6 Kh7 69. Kxg5 1-0


[Site "https://www.chess.com"]

[Event "Titled Tuesday Blitz September 13 Late 2022"]
[White "Ivic, Velimir"]
[Black "Martinez Reyes, Pedro Ramon"]
[WhiteFideId "950122"]
[BlackFideId "3901807"]
[WhiteElo "2625"]
[BlackElo "2327"]
[Result "1-0"]
[Round "02"]
[TimeControl "180+1"]
[Date "2022.09.13"]
[WhiteClock "0:02:45"]
[BlackClock "0:02:21"]

1. e4 e6 2. d4 d5 3. Nc3 Nf6 4. e5 Ne4 5. Nxe4 dxe4 6. Bc4 Qd7 7. Ne2 c5 8. O-O b5 9. d5 bxc4 10. d6 Nc6 11. Bf4 h6 12. Nc3 g5 13. Bg3 Bg7 14. Nxe4 Bxe5 15. Bxe5 Nxe5 16. Nf6+ 1-0


[Site "https://www.chess.com"]

[Event "Titled Tuesday Blitz September 13 Late 2022"]
[White "Jobava, Baadur"]
[Black "Sargsyan, Anna M."]
[WhiteFideId "13601520"]
[BlackFideId "13308130"]
[WhiteElo "2582"]
[BlackElo "2271"]
[Result "1-0"]
[Round "02"]
[TimeControl "180+1"]
[Date "2022.09.13"]
[WhiteClock "0:00:47"]
[BlackClock "0:00:01"]

1. b3 e5 2. Bb2 Nc6 3. Nf3 d6 4. d4 e4 5. d5 exf3 6. dxc6 bxc6 7. exf3 Nf6 8. Bd3 Be7 9. O-O O-O 10. Re1 Be6 11. Nd2 Nd7 12. c3 Rb8 13. Qc2 h6 14. Rad1 Qc8 15. c4 Bf6 16. Bc1 Nc5 17. Ne4 Nxe4 18. Bxe4 c5 19. Re2 a5 20. Rde1 a4 21. bxa4 Qa6 22. Bd3 Ra8 23. Rxe6 fxe6 24. Qe2 Rfe8 25. Qe4 Qa5 26. g3 Kf8 27. Bc2 d5 28. Qe2 Qc3 29. Bg6 Re7 30. Be3 d4 31. Bf4 Rxa4 32. Rb1 Rb4 33. Rc1 Qa3 34. Qe4 e5 35. Bd2 Rb8 36. Qd5 Qa6 37. Qxc5 Qd6 38. Qa5 c5 39. Be4 Qb6 40. Qa4 Ra7 41. Qd1 Rxa2 42. Kg2 Rb2 43. Ra1 Qb3 44. Qc1 Kg8 45. Bxh6 Qc3 46. Qxc3 dxc3 47. Be3 c2 48. Rc1 Be7 49. Bxc2 R8b4 50. Be4 Kf7 51. Bd5+ Kf6 52. h4 Kg6 53. Ra1 Bf6 54. Bxc5 R4b3 55. Be4+ 1-0


[Site "https://www.chess.com"]

[Event "Titled Tuesday Blitz September 13 Late 2022"]
[White "Karas, Marek"]
[Black "Kobo, Ori"]
[WhiteFideId "14928558"]
[BlackFideId "2812320"]
[WhiteElo "2272"]
[BlackElo "2420"]
[Result "1/2-1/2"]
[Round "02"]
[TimeControl "180+1"]
[Date "2022.09.13"]
[WhiteClock "0:00:05"]
[BlackClock "0:00:06"]

1. d4 Nf6 2. Nf3 d5 3. c4 e6 4. Nc3 dxc4 5. a4 Bb4 6. e3 c5 7. Bxc4 Nc6 8. O-O O-O 9. dxc5 Qe7 10. Qd6 Qxd6 11. cxd6 Bxd6 12. Bd2 Bd7 13. Nb5 Be7 14. Rfd1 Rac8 15. Bf1 a6 16. Nbd4 Nxd4 17. Nxd4 Rfd8 18. Ba5 Re8 19. b3 e5 20. Nf3 e4 21. Nd4 Bg4 22. Rdc1 Bd6 23. h3 Bd7 24. Be2 Be5 25. Bd2 Nd5 26. Rxc8 Rxc8 27. Rc1 Rxc1+ 28. Bxc1 Kf8 29. Ba3+ Ke8 30. Bc4 Nb6 31. Be2 f5 32. Bc5 Nd5 33. Bc4 Ne7 34. Ne2 g5 35. Bd4 Bxd4 36. Nxd4 Kf8 37. Be6 Bxe6 38. Nxe6+ Kf7 39. Nxg5+ Kg6 40. h4 h6 41. Ne6 Kf6 42. Nc5 b6 43. Nxa6 Nd5 44. b4 Ke5 45. a5 bxa5 46. bxa5 Kd6 47. Kh2 Kc6 48. Kg3 Kb5 49. Nb8 Kxa5 50. Nc6+ Kb6 51. Nd4 f4+ 52. exf4 Kc5 53. Nf5 h5 54. Ne3 Nf6 55. f5 Kd4 56. Kf4 Kd3 57. Kg5 Nd7 58. f6 Ke2 59. f7 Kxf2 60. Kf4 Nf8 61. Kxe4 Kg3 62. Ke5 Kxh4 63. Kf6 Kg3 64. Ke7 Nh7 65. f8=Q Nxf8 66. Kxf8 Kf2 67. Nf5 Kxg2 68. Kg7 Kf3 69. Kg6 Kg4 70. Nh6+ Kh4 71. Nf5+ Kg4 72. Nh6+ Kf3 73. Nf5 Kg4 1/2-1/2


[Site "https://www.chess.com"]

[Event "Titled Tuesday Blitz September 13 Late 2022"]
[White "Kravtsiv, Martyn"]
[Black "Winterberg, Lukas"]
[WhiteFideId "14113147"]
[BlackFideId "24622702"]
[WhiteElo "2694"]
[BlackElo "2349"]
[Result "1-0"]
[Round "02"]
[TimeControl "180+1"]
[Date "2022.09.13"]
[WhiteClock "0:00:32"]
[BlackClock "0:00:14"]

1. e4 e6 2. d4 d5 3. Nc3 Nf6 4. Bd3 c5 5. dxc5 Bxc5 6. exd5 Nxd5 7. Nxd5 Qxd5 8. Bb5+ Nc6 9. Qxd5 exd5 10. Nf3 Bf5 11. Be3 Bxe3 12. fxe3 O-O 13. O-O-O Rad8 14. Bxc6 bxc6 15. Nd4 Bd7 16. Nb3 Rfe8 17. Rde1 Bf5 18. Rhf1 Bg6 19. Nc5 Rb8 20. a4 h6 21. b3 Re7 22. Kd2 Rbe8 23. b4 Be4 24. g3 g5 25. Rf6 Rc7 26. Kc3 Bg6 27. Kd4 Kg7 28. Rd6 Rec8 29. a5 Re7 30. Re2 h5 31. a6 Bf5 32. c3 f6 33. Rf2 Kg6 34. Rf3 h4 35. g4 Bxg4 36. Rfxf6+ Kg7 37. Rg6+ Kf8 38. Rxg5 Be2 39. Rh6 Rce8 40. Rxh4 Rxe3 41. Nd7+ Kf7 42. Rh7+ Ke6 43. Kxe3 Kd6+ 44. Re5 1-0


[Site "https://www.chess.com"]

[Event "Titled Tuesday Blitz September 13 Late 2022"]
[White "Lewicki, Miroslaw"]
[Black "Kamsky, Gata"]
[WhiteFideId "1113380"]
[BlackFideId "2000024"]
[WhiteElo "2204"]
[BlackElo "2666"]
[Result "0-1"]
[Round "02"]
[TimeControl "180+1"]
[Date "2022.09.13"]
[WhiteClock "0:00:06"]
[BlackClock "0:01:04"]

1. g3 d5 2. Bg2 Nf6 3. Nf3 g6 4. O-O Bg7 5. d4 O-O 6. c3 c6 7. Re1 Bf5 8. Nbd2 Qc8 9. Nb3 Bh3 10. Bf4 Bxg2 11. Kxg2 Nbd7 12. h3 Ne4 13. Nfd2 Nxd2 14. Qxd2 e5 15. dxe5 Nxe5 16. Bxe5 Bxe5 17. e4 Rd8 18. exd5 Rxd5 19. Qe2 Bf6 20. Rad1 Qf5 21. Rxd5 Qxd5+ 22. Qf3 Rd8 23. Qxd5 Rxd5 24. Re8+ Kg7 25. Rb8 Rb5 26. Kf3 a5 27. Ra8 b6 28. Ke4 h5 29. Kd3 Rf5 30. f4 h4 31. gxh4 Rxf4 32. Ra6 a4 33. Nd2 b5 34. Rxc6 Rxh4 35. Rb6 a3 36. bxa3 Rxh3+ 37. Ke2 Bxc3 38. Ne4 Bd4 39. Rb7 Re3+ 0-1


[Site "https://www.chess.com"]

[Event "Titled Tuesday Blitz September 13 Late 2022"]
[White "Livaic, Leon"]
[Black "Dounis, Alexandros"]
[WhiteFideId "14531534"]
[BlackFideId "4213238"]
[WhiteElo "2540"]
[BlackElo "2204"]
[Result "1-0"]
[Round "02"]
[TimeControl "180+1"]
[Date "2022.09.13"]
[WhiteClock "0:01:54"]
[BlackClock "0:01:24"]

1. d4 Nf6 2. c4 g6 3. Nc3 d5 4. cxd5 Nxd5 5. e4 Nxc3 6. bxc3 Bg7 7. Bc4 c5 8. Ne2 O-O 9. Be3 Nc6 10. h4 Qa5 11. O-O e6 12. h5 a6 13. h6 Bh8 14. e5 b5 15. Bd3 Bb7 16. Be4 Rad8 17. Bxc6 Bxc6 18. Qc1 Rc8 19. Qd2 Rfd8 20. Bg5 Rd7 21. Qf4 b4 22. Bf6 Bb5 23. Bxh8 Qd8 24. Bf6 Qf8 25. Rfe1 Bxe2 26. Rxe2 bxc3 27. dxc5 Qxc5 28. Rc1 c2 29. Rexc2 Rd1+ 30. Rxd1 Qxc2 31. Qd2 Qxd2 32. Rxd2 a5 33. Rd7 Ra8 34. a4 Kf8 35. f4 Ke8 36. Re7+ Kf8 37. Rb7 Ke8 38. Kf2 Kf8 39. Ke3 Ke8 40. Kd4 Kf8 41. Kc5 Ke8 42. Kb6 Kf8 43. Ra7 Rb8+ 44. Kxa5 Ke8 45. Ka6 Kf8 46. Rb7 Ra8+ 47. Kb5 Kg8 48. a5 Kf8 49. a6 Kg8 50. a7 Re8 51. Rb8 Kf8 52. Rxe8+ Kxe8 53. a8=Q+ Kd7 54. Qc6# 1-0


[Site "https://www.chess.com"]

[Event "Titled Tuesday Blitz September 13 Late 2022"]
[White "Maksimovic, Bojan"]
[Black "Souleidis, Georgios"]
[WhiteFideId "14408120"]
[BlackFideId "4206827"]
[WhiteElo "2447"]
[BlackElo "2401"]
[Result "1-0"]
[Round "02"]
[TimeControl "180+1"]
[Date "2022.09.13"]
[WhiteClock "0:02:22"]
[BlackClock "0:01:21"]

1. e4 c6 2. d4 d5 3. Nc3 dxe4 4. Nxe4 Nf6 5. Nxf6+ exf6 6. c3 Bd6 7. Bd3 O-O 8. Qc2 Re8+ 9. Ne2 h5 10. O-O h4 11. h3 Nd7 12. Bd2 Nf8 13. Rae1 Be6 14. f4 b5 15. b3 a6 16. f5 Bc8 17. c4 Bb7 18. Qd1 Qc7 19. c5 Be7 20. Nf4 Qd7 21. Be3 Bd8 22. Qg4 Ba5 23. Nh5 1-0


[Site "https://www.chess.com"]

[Event "Titled Tuesday Blitz September 13 Late 2022"]
[White "Marjanovic, Annamaria"]
[Black "Kollars, Dmitrij"]
[WhiteFideId "750930"]
[BlackFideId "12909572"]
[WhiteElo "2156"]
[BlackElo "2584"]
[Result "0-1"]
[Round "02"]
[TimeControl "180+1"]
[Date "2022.09.13"]
[WhiteClock "0:01:28"]
[BlackClock "0:02:17"]

1. c4 e6 2. g3 d5 3. Bg2 d4 4. Nf3 Nc6 5. O-O Bc5 6. d3 a5 7. e3 Nge7 8. b3 O-O 9. e4 e5 10. h3 f6 11. Na3 Be6 12. Nc2 Rb8 13. Ba3 Qd6 14. Bxc5 Qxc5 15. Rb1 b5 16. Nd2 bxc4 17. Nxc4 Bxc4 18. bxc4 Rxb1 19. Qxb1 Rb8 20. Qa1 Nb4 21. Nxb4 Qxb4 22. a3 Qc3 23. Qxc3 dxc3 24. Rc1 Rb3 25. a4 Nc6 26. Bf3 Nd4 27. Bd1 c2 28. Bxc2 Ne2+ 29. Kf1 Nxc1 30. Bxb3 Nxb3 31. Ke2 Nc5 32. Kd2 Nxa4 0-1


[Site "https://www.chess.com"]

[Event "Titled Tuesday Blitz September 13 Late 2022"]
[White "Martins, Bruno Andre Leite"]
[Black "Indjic, Aleksandar"]
[WhiteFideId "1942255"]
[BlackFideId "911925"]
[WhiteElo "2282"]
[BlackElo "2592"]
[Result "1/2-1/2"]
[Round "02"]
[TimeControl "180+1"]
[Date "2022.09.13"]
[WhiteClock "0:00:08"]
[BlackClock "0:00:28"]

1. e4 e5 2. Nf3 Nc6 3. d4 exd4 4. Nxd4 Nf6 5. Nc3 Bb4 6. Nxc6 bxc6 7. Bd3 d5 8. exd5 O-O 9. O-O cxd5 10. h3 Be6 11. Qf3 Rb8 12. Bf4 Bd6 13. b3 Bxf4 14. Qxf4 c5 15. Rad1 Rb4 16. Qf3 Qc7 17. Ne2 a5 18. c3 Rh4 19. Qg3 Qxg3 20. fxg3 Rh5 21. Nf4 Re5 22. Rfe1 Rxe1+ 23. Rxe1 Re8 24. c4 dxc4 25. Bxc4 Bxc4 26. Rxe8+ Nxe8 27. bxc4 Nd6 28. Nd3 Ne4 29. g4 Kf8 30. Kf1 Ke7 31. Ke2 Nc3+ 32. Kd2 Nxa2 33. Nxc5 Nb4 34. Kc3 Nc6 35. Ne4 f6 36. c5 Ke6 37. Kc4 Ke5 38. Nc3 Kf4 39. Kb5 Ne5 40. Ne2+ Ke3 41. Ng3 Kf2 42. Nh5 Kxg2 43. Nxg7 Kxh3 44. Nh5 Kxg4 45. Nxf6+ Kf5 46. Nxh7 Ke6 47. Kxa5 Nd7 48. c6 Kd6 49. cxd7 Kxd7 1/2-1/2


[Site "https://www.chess.com"]

[Event "Titled Tuesday Blitz September 13 Late 2022"]
[White "Melkumyan, Hrant"]
[Black "Dev, Shah"]
[WhiteFideId "13302485"]
[BlackFideId "35019058"]
[WhiteElo "2604"]
[BlackElo "2048"]
[Result "0-1"]
[Round "02"]
[TimeControl "180+1"]
[Date "2022.09.13"]
[WhiteClock "0:00:09"]
[BlackClock "0:00:07"]

1. d4 d5 2. c4 dxc4 3. Nf3 Nf6 4. e3 e6 5. Bxc4 c5 6. O-O a6 7. b3 cxd4 8. Nxd4 Be7 9. Bb2 O-O 10. Nd2 b5 11. Be2 Bb7 12. Bf3 Qd7 13. a4 e5 14. Bxb7 Qxb7 15. Nf5 Nc6 16. Qf3 Bb4 17. Ne4 Nxe4 18. Qxe4 Rfe8 19. Rfc1 Rac8 20. axb5 axb5 21. h4 Bf8 22. h5 Qd7 23. Bc3 Qe6 24. Ra6 Qd7 25. Be1 Ne7 26. Nxe7+ Qxe7 27. Rca1 Qg5 28. h6 g6 29. Ra7 Bxh6 30. Qd5 Qf6 31. R1a6 Qf5 32. Ra1 Qe6 33. Qxb5 Rb8 34. Qa4 Qxb3 35. Qd7 Qe6 36. Qd1 Rbd8 37. Qf3 Rd7 38. R1a6 Rxa7 39. Rxe6 Rxe6 40. Bc3 e4 41. Qg3 Rae7 42. Qb8+ Re8 43. Qb5 Bg7 44. Bb4 Bf8 45. Bc3 Bg7 46. Ba5 Re5 47. Qc6 R8e6 48. Qc8+ Re8 49. Qc6 R8e6 50. Qc7 Re7 51. Qb6 R7e6 52. Qb8+ Re8 53. Qc7 R8e7 54. Qd8+ Re8 55. Qd2 Ra8 56. Bb4 Ra1+ 57. Kh2 Rh5+ 58. Kg3 Be5+ 59. Kg4 f5# 0-1


[Site "https://www.chess.com"]

[Event "Titled Tuesday Blitz September 13 Late 2022"]
[White "Naroditsky, Daniel"]
[Black "Vlassov, Nikolai"]
[WhiteFideId "2026961"]
[BlackFideId "4103360"]
[WhiteElo "2628"]
[BlackElo "2324"]
[Result "1-0"]
[Round "02"]
[TimeControl "180+1"]
[Date "2022.09.13"]
[WhiteClock "0:00:11"]
[BlackClock "0:00:01"]

1. e4 c5 2. Nf3 d6 3. Bb5+ Nd7 4. O-O a6 5. Bd3 Ngf6 6. Re1 e6 7. c3 Be7 8. Bc2 O-O 9. d4 b6 10. Nbd2 Bb7 11. Nf1 Qc7 12. Ng3 Rfe8 13. Bf4 Rac8 14. Rc1 b5 15. Qd2 Qa5 16. dxc5 dxc5 17. Rcd1 Nf8 18. a3 Red8 19. Qe2 Rxd1 20. Rxd1 Rd8 21. Re1 Ng6 22. Bg5 h6 23. Bc1 c4 24. Nd4 Ne5 25. Rd1 Qc7 26. h3 Bc5 27. Be3 Ng6 28. Rd2 e5 29. Ndf5 Bxe3 30. Qxe3 Nf4 31. Ne2 Rxd2 32. Qxd2 Nxe4 33. Qe3 Nxe2+ 34. Qxe2 Nf6 35. Qe3 Kf8 36. Qa7 Qc6 37. Qb8+ Ne8 38. Ne3 Qc7 39. Qa7 g6 40. a4 f5 41. axb5 axb5 42. Bd1 f4 43. Ng4 h5 44. Nh2 e4 45. Qd4 Qd6 46. Qh8+ Ke7 47. Be2 Qd2 48. Qh7+ Kd8 49. Qxb7 Qxe2 50. Qxb5 e3 51. Qd5+ Kc8 52. Qe6+ Kd8 53. fxe3 fxe3 54. Nf3 Qf2+ 55. Kh2 e2 56. Qd5+ Kc7 57. Qxc4+ Kd7 58. Qf7+ Kd8 59. Qd5+ Ke7 60. Qe5+ Kf8 61. c4 Ng7 62. c5 Nf5 63. Qf6+ Kg8 64. Qxg6+ Ng7 65. Qe4 Qxc5 66. Qxe2 Qd6+ 67. Qe5 Qb4 68. Ng5 h4 69. Nf3 Qc4 70. Qb8+ Kh7 71. Qe5 Kg6 72. Qg5+ Kf7 73. Ne5+ 1-0


[Site "https://www.chess.com"]

[Event "Titled Tuesday Blitz September 13 Late 2022"]
[White "Nasuta, Grzegorz"]
[Black "Sarana, Alexey"]
[WhiteFideId "1141686"]
[BlackFideId "24133795"]
[WhiteElo "2354"]
[BlackElo "2689"]
[Result "0-1"]
[Round "02"]
[TimeControl "180+1"]
[Date "2022.09.13"]
[WhiteClock "0:00:18"]
[BlackClock "0:01:06"]

1. e4 c5 2. Nf3 d6 3. Bb5+ Bd7 4. Bxd7+ Nxd7 5. O-O Ngf6 6. Qe2 e6 7. b3 Be7 8. Bb2 O-O 9. c4 a6 10. d4 cxd4 11. Nxd4 Qa5 12. Nc3 Rac8 13. Rad1 Rfe8 14. Kh1 Qh5 15. Qxh5 Nxh5 16. f4 Nc5 17. g3 Nf6 18. Rfe1 Red8 19. Kg2 h5 20. Kf3 Nfd7 21. Rd2 Bf6 22. Red1 Nb8 23. Nde2 Be7 24. h3 Nc6 25. g4 hxg4+ 26. hxg4 g5 27. Rh1 Bf6 28. Ng3 Nd4+ 29. Kg2 gxf4 30. Nh5 f3+ 31. Kf2 Be5 32. Nd1 Nxe4+ 33. Ke3 Nxd2 34. Bxd4 Bxd4+ 35. Kxd4 d5 36. Nf6+ Kg7 37. Ke5 dxc4 38. Nh5+ Kf8 0-1


[Site "https://www.chess.com"]

[Event "Titled Tuesday Blitz September 13 Late 2022"]
[White "Petrovic, Aleksa"]
[Black "Ozen, Bahadir"]
[WhiteFideId "967629"]
[BlackFideId "6337058"]
[WhiteElo "2262"]
[BlackElo "2503"]
[Result "1/2-1/2"]
[Round "02"]
[TimeControl "180+1"]
[Date "2022.09.13"]
[WhiteClock "0:00:48"]
[BlackClock "0:00:42"]

1. c4 c6 2. b3 d5 3. Nf3 Bf5 4. Bb2 e6 5. g3 h6 6. Bg2 Nf6 7. O-O Be7 8. d3 O-O 9. Nbd2 Bh7 10. a3 a5 11. Ra2 Nbd7 12. Qa1 Qb6 13. Rb1 Rfc8 14. Bc3 Qd8 15. b4 axb4 16. axb4 Rxa2 17. Qxa2 Ra8 18. Qb2 Nb6 19. Qb3 dxc4 20. Nxc4 Nxc4 21. Qxc4 Qd5 22. Ne5 Qxc4 23. Nxc4 Nd5 24. Bd2 Nc7 25. Na5 Nd5 26. Nxb7 Ra2 27. Rd1 Nxb4 28. Kf1 Nd5 29. Na5 c5 30. Nc4 f6 31. Rb1 Nb4 1/2-1/2


[Site "https://www.chess.com"]

[Event "Titled Tuesday Blitz September 13 Late 2022"]
[White "Pranav, V"]
[Black "Dimitrov, Atanas"]
[WhiteFideId "25060783"]
[BlackFideId "2901315"]
[WhiteElo "2390"]
[BlackElo "2653"]
[Result "0-1"]
[Round "02"]
[TimeControl "180+1"]
[Date "2022.09.13"]
[WhiteClock "0:00:02"]
[BlackClock "0:00:12"]

1. Nf3 Nf6 2. g3 g6 3. Bg2 Bg7 4. O-O d5 5. d3 O-O 6. Nbd2 c5 7. e4 Nc6 8. Re1 e5 9. a4 Re8 10. exd5 Nxd5 11. Ne4 b6 12. Bd2 Bb7 13. a5 h6 14. a6 Bc8 15. Nc3 Be6 16. Qc1 Kh7 17. Nb5 Qd7 18. Bc3 Bg4 19. Na3 Nd4 20. Bxd4 exd4 21. Nc4 Rxe1+ 22. Qxe1 Re8 23. Qf1 Nb4 24. Qd1 Qe6 25. Qd2 Qf6 26. Qd1 Kg8 27. Na3 Nxa6 28. h3 Bd7 29. Nc4 Bb5 30. Nfd2 Qe7 31. Bd5 Nb4 32. Bf3 Bc6 33. Bxc6 Nxc6 34. Qf3 Nb4 35. Rc1 Qe2 36. Qb7 Re7 37. Qb8+ Kh7 38. b3 Nxc2 39. Ne4 Qxd3 40. Ned6 Ne1 41. Qd8 Qe2 42. Nxf7 Rxf7 43. f4 Nd3 44. Nd6 Qf2+ 45. Kh1 Qf3+ 46. Kh2 Nxc1 47. Nxf7 Ne2 48. Qe8 Qxg3+ 49. Kh1 Qg1# 0-1


[Site "https://www.chess.com"]

[Event "Titled Tuesday Blitz September 13 Late 2022"]
[White "Putnam, Liam"]
[Black "Boruchovsky, Avital"]
[WhiteFideId "30938279"]
[BlackFideId "2800055"]
[WhiteElo "2031"]
[BlackElo "2466"]
[Result "1-0"]
[Round "02"]
[TimeControl "180+1"]
[Date "2022.09.13"]
[WhiteClock "0:00:10"]
[BlackClock "0:00:12"]

1. e4 e6 2. d4 d5 3. Nd2 c5 4. Ngf3 Nf6 5. exd5 exd5 6. Bb5+ Bd7 7. Bxd7+ Nbxd7 8. O-O Be7 9. dxc5 Nxc5 10. Re1 O-O 11. Nb3 Nce4 12. Nbd4 Re8 13. c3 a5 14. a4 Bc5 15. Be3 Ng4 16. h3 Nxe3 17. Rxe3 Qb6 18. Qe2 Nd6 19. Rb1 h6 20. b3 Rxe3 21. Qxe3 Re8 22. Qd3 Ne4 23. b4 Bxd4 24. Qxd4 Qc6 25. Re1 Qxa4 26. Qxd5 Nxc3 27. Rxe8+ Qxe8 28. Qxb7 a4 29. Qa6 Qd7 30. b5 Kh7 31. b6 Qd1+ 32. Kh2 Qd6+ 33. g3 a3 34. Qc4 Qxb6 35. Kg2 a2 36. Qxc3 Qb1 37. Nd2 Qe1 38. Qd3+ g6 39. Nb3 a1=Q 40. Nxa1 Qxa1 41. Qf3 Qa7 42. h4 h5 43. Kh2 Kg7 44. Kg2 Qe7 45. Qc3+ Kh6 46. Qf3 f5 47. Qc3 Kh7 48. Qf3 Qg7 49. Qf4 Qb7+ 50. Kh2 Kg7 51. Qe5+ Kf7 52. Qf4 Qb6 53. Qc4+ Kf6 54. Qc3+ Ke6 55. Qe1+ Kd5 56. Qd2+ Qd4 57. Qe2 Qe4 58. Qb5+ Kd6 59. Qb6+ Qc6 60. Qd4+ Ke6 61. Qg7 Kd5 62. Qb2 Qc5 63. Qd2+ Ke4 64. Qe2+ Kd5 65. Qf3+ Ke5 66. Kg2 Qd4 67. Qe2+ Qe4+ 68. Kf1 f4 69. Qb5+ Qd5 70. gxf4+ Ke4 71. Qe2+ Kxf4 72. Qe3+ Kf5 73. Qg5+ Ke4 74. Qxg6+ Kf4 75. Qg3+ Ke4 76. Qe3+ Kf5 77. Qg5+ Ke4 78. f3+ Kd4 79. Qd2+ Ke5 80. Qxd5+ Kxd5 81. Ke2 Kd4 82. Kd2 Kd5 83. Ke3 Ke5 84. Ke2 Kf5 85. Kf1 Kf4 86. Kf2 Kf5 87. Ke3 Ke5 88. f4+ Kf5 89. Kf3 Kf6 90. Ke4 Ke6 91. f5+ Kf6 92. Kf4 Kg7 93. Kg5 Kf7 94. Kxh5 Kf6 95. Kg4 1-0


[Site "https://www.chess.com"]